cohdb
Replays
Latest Replays
All Replays
Popular Replays
Top Player Replays
Match Explorer
How It Works
Community
CoH3 Stats
Reddit
Sign in to upload your games and track your stats! →
Sign in with Steam
Match 43034045
Unlisted
Match 43034045
Overview
Messages
Build Orders
End
Panzergrenadier Squad
250 Light Carrier
Panzergrenadier Squad
Construct Light Support Kompanie
Fire Support Elements
MG34 Team
Assault Mechanized Group
Flakvierling Half-track
Pak 38 Anti-tank Gun Team
Selects Armored Support Battlegroup
Selects Superior Fire Drills
Selects Flammpanzer III Medium Tank
Flammpanzer III Medium Tank
2.5-tonne Medical Truck
Pak 38 Mechanized Group
2.5-tonne Medical Truck
Construct Mechanized Kompanie
Vehicle Survival Package
Selects Salvage Kits
Selects Panzer Storm
Construct Panzerarmee Kommand
Selects Command Panzer IV F Medium Tank
Selects Command Panzer IV F Medium Tank
Marder III Tank Destroyer
Pak 38 Mechanized Group
Flak 36 Anti-tank Gun Team
Marder III Tank Destroyer
KyariRhyZan
Sc@rf@ce
BorderRnR
Bran
DrewP
Dillbro
0
0
Comments
sign in to comment!
No comments posted yet!